 Dungeon Crawl Stone Soup version 0.21.1-1-g345015fe64 (webtiles) character file.

417 Mrkan the Cudgeler (level 6, -8/47 HPs)
             Began as a Demonspawn Fighter on May 10, 2018.
             Mangled by an iguana (10 damage)
             ... on level 4 of the Dungeon.
             The game lasted 00:10:38 (4453 turns).

Mrkan the Cudgeler (Demonspawn Fighter)             Turns: 4453, Time: 00:10:39

Health: -8/47      AC:  8    Str: 18    XL:     6   Next: 61%
Magic:  6/6        EV: 10    Int: 10    God:
Gold:   116        SH:  8    Dex: 12    Spells: 5/5 levels left

rFire    . . .     SeeInvis .   a - +0 flail
rCold    . . .     Gourm    .   c - +0 shield
rNeg     . . .     Faith    .   b - +1 scale mail
rPois    .         Spirit   .   (helmet restricted)
rElec    .         Reflect  .   o - +0 cloak
rCorr    .         Harm     .   (no gloves)
MR       .....                  (no boots)
Stlth    +.........             (no amulet)
HPRegen  0.15/turn              (no ring)
MPRegen  0.10/turn              (no ring)

@: no status effects
A: antennae 1, repulsion field 2, nightstalker 1
a: no special abilities


You were on level 4 of the Dungeon.
You were not hungry.

You visited 1 branch of the dungeon, and saw 4 of its levels.

You collected 116 gold pieces.

Inventory:

Hand Weapons
 a - a +0 flail (weapon)
Armour
 b - a +1 scale mail (worn)
 c - a +0 shield (worn)
 e - a +0 helmet
 o - a +0 cloak (worn)
Wands
 k - a wand of random effects (22)
 l - a wand of digging (9)
Scrolls
 g - a scroll of enchant armour
 h - 2 scrolls of remove curse {unknown}
 i - 7 scrolls of identify
 j - a scroll of noise {unknown}
Potions
 d - a potion of might
 f - a potion of curing
 n - a potion of degeneration {unknown}
Comestibles
 m - a chunk of flesh
 p - a ration


   Skills:
 - Level 3.0 Fighting
 * Level 6.5 Maces & Flails
 - Level 2.6 Armour
 - Level 2.6 Shields


You had 5 spell levels left.
You didn't know any spells.

Dungeon Overview and Level Annotations

Branches:
Dungeon (4/15)
 Temple: D:4-7

Altars:


Innate Abilities, Weirdness & Mutations

You have a pair of small antennae on your head.
You are surrounded by a moderate repulsion field. (EV +3)
You are slightly more attuned to the shadows.


Message History

The worker ant bites you but does no damage.
You block the hound's attack. You block the iguana's attack.
You closely miss the hound.
The hound is moderately wounded.
The hound bites you but does no damage.
The worker ant bites you but does no damage.
You block the iguana's attack. You block the hound's attack.
You block the worker ant's attack.
You barely miss the hound.
The hound is moderately wounded.
The hound bites you.
* * * LOW HITPOINT WARNING * * *
The iguana bites you!
* * * LOW HITPOINT WARNING * * *
You block the worker ant's attack. The hound bites you.
* * * LOW HITPOINT WARNING * * *
You closely miss the hound.
The hound is moderately wounded.
The hound bites you but does no damage. The iguana bites you!
You die...

.......+.# .. ...
.......#.# #.# #.
.......#(####.##
...............# .
#.........# #.
#.........## #.
#..........####.#.
#ha.............#.
#@l......#..#####.
###........##.#.....
#..........##.#.###<
#......[...##.#.# #.
#....########...# #.
#....# ##..# #.
#....# #..####
###### #......
##.####


You could see an iguana, a hound and a worker ant.

Vanquished Creatures
  A phantom (D:4)
  A howler monkey (D:4)
  A hound (D:4)
  An orc priest (D:3)
  An iguana (D:4)
  An orc wizard (D:3)
  3 gnolls (D:2)
  6 adders
  An ooze (D:1)
  A dart slug (D:2)
  2 leopard geckos (D:3)
  10 orcs (D:3)
  3 giant cockroaches
  6 goblins
  7 hobgoblins
  14 jackals
  A quokka (D:3)
  A ball python (D:3)
  10 bats
  7 frilled lizards
  7 kobolds
  A quokka skeleton (D:4)
  9 rats
95 creatures vanquished.

Notes
Turn   | Place    | Note
-------+----------+-------------------------------------------
     0 | D:1      | Mrkan the Demonspawn Fighter began the quest for the Orb.
     0 | D:1      | Reached XP level 1. HP: 18/18 MP: 1/1
    49 | D:1      | Reached skill level 2 in Maces & Flails
   201 | D:1      | Gained mutation: You have a pair of small antennae on your head. [demonic ancestry]
   201 | D:1      | Reached XP level 2. HP: 24/24 MP: 2/2
   616 | D:1      | Reached skill level 3 in Maces & Flails
   671 | D:1      | Reached XP level 3. HP: 24/29 MP: 3/3
   986 | D:2      | HP: 1/29 [gnoll/spear (1)]
  1727 | D:2      | Reached skill level 4 in Maces & Flails
  1727 | D:2      | Gained mutation: You are surrounded by a mild repulsion field. (EV +2) [demonic ancestry]
  1727 | D:2      | Reached XP level 4. HP: 27/35 MP: 4/4
  2784 | D:3      | Gained mutation: You are slightly more attuned to the shadows. [demonic ancestry]
  2784 | D:3      | Reached XP level 5. HP: 18/41 MP: 5/5
  2966 | D:3      | Reached skill level 5 in Maces & Flails
  4196 | D:4      | Gained mutation: You are surrounded by a moderate repulsion field. (EV +3) [demonic ancestry]
  4196 | D:4      | Reached XP level 6. HP: 39/47 MP: 6/6
  4280 | D:4      | Reached skill level 6 in Maces & Flails
  4452 | D:4      | HP: 2/47 [hound (1)]
  4453 | D:4      | Mangled by an iguana

Skill      XL: |  1  2  3  4  5  6 |
---------------+-------------------+-----
Maces & Flails | 2 3 4 5 6 |  6.5
Fighting       | |  3.0
Armour         | |  2.6
Shields        | |  2.6

Action                   |  1- 3 |  4- 6 || total
-------------------------+-------+-------++-------
Melee: Flail             |   132 |   278 ||   410
  Use: Scroll            |       |     4 ||     4
  Eat: Ration            |     1 |     1 ||     2
       Chunk             |       |     7 ||     7
Armor: Scale mail        |    96 |   110 ||   206
Dodge: Dodged            |    50 |   141 ||   191
Block: Shield            |    97 |   166 ||   263
